 Dungeon Crawl Stone Soup version 0.29.0-13-gc9e81de378 (webtiles) character file.

Game seed: 1038790789138489093

160 Powertoast the Sneak (level 5, 0/49 HPs)
             Began as a Naga Ice Elementalist on Sept 11, 2022.
             Was a Follower of Sif Muna.
             Slain by a gnoll sergeant
             ... wielding a +0 spear
              (12 damage)
             ... on level 5 of the Dungeon.
             The game lasted 00:11:09 (2312 turns).

Powertoast the Sneak (Naga Ice Elementalist)        Turns: 2312, Time: 00:11:10

Health: 0/49       AC:  2    Str: 10    XL:     5   Next: 41%
Magic:  3/8        EV: 10    Int: 17    God:    Sif Muna [*.....]
Gold:   53         SH:  0    Dex: 12    Spells: 1/8 levels left

rFire   . . .      SeeInvis +   l - +1 war axe (freeze)
rCold   . . .      Faith    .   (no shield)
rNeg    . . .      Spirit   .   a - +0 robe
rPois   +          Reflect  .   (no helmet)
rElec   .          Harm     .   (no cloak)
rCorr   .          Rampage  .   (no gloves)
Will    .....                   (no barding)
Stlth   +++.......              (no amulet)
HPRegen 0.16/turn               (no ring)
MPRegen 0.11/turn               (no ring)

@: mighty, short of breath, very slow
A: AC +1, large, see invisible, deformed body, poison resistance, slowness 2,
spit poison 1, naga tail 1
a: Spit Poison, Renounce Religion, Channel Magic


You were on level 5 of the Dungeon.
You worshipped Sif Muna.
Sif Muna was aware of your devotion.
You visited 1 branch of the dungeon, and saw 4 of its levels.

You collected 53 gold pieces.

Inventory:

Hand Weapons
 c - a +2 dagger of speed
 l - a +1 war axe of freezing (weapon)
Armour
 a - a +0 robe (worn)
 m - a +0 ring mail
Magical Staves
 d - a staff of poison
Scrolls
 f - a scroll of blinking {unknown}
 h - a scroll of fog {unknown}
 k - a scroll of enchant weapon {unknown}
 n - a scroll of immolation {unknown}
 o - a scroll of identify {unknown}
Potions
 b - a potion of magic
 g - a potion of ambrosia {unknown}
 i - a potion of curing {unknown}
 j - a potion of cancellation {unknown}


   Skills:
 + Level 3.4 Fighting
 - Level 1.5 Dodging
 - Level 5.0 Stealth
 + Level 2.3 Spellcasting
 * Level 4.4 Ice Magic


You had one spell level left.
You knew the following spells:

 Your Spells              Type           Power      Damage    Failure   Level
a - Freeze                Ice            64%        1d8       3%          1
b - Frozen Ramparts       Ice            32%        1d5       10%         3
c - Ozocubu's Armour      Ice            16%        N/A       10%         3

Your spell library contained the following spells:

 Spells                   Type           Power      Damage    Failure   Level
 Hailstorm                Conj/Ice       9%         3d4       58%         4


Dungeon Overview and Level Annotations

Branches:
Dungeon (5/15)
 Temple: D:4-7

Altars:
Dithmenos
Sif Muna
The Shining One


Innate Abilities, Weirdness & Mutations

Your serpentine skin is tough. (AC +1)
You have supernaturally acute eyesight. (SInv)
Armour fits poorly on your strangely shaped body.
Your system is resistant to poisons. (rPois)
You cover ground very slowly.
You can spit poison.
You have a snake-like lower body.


Message History

The wall freezes the gnoll but does no damage.
The gnoll hits you with a +0 flail.
You closely miss the gnoll.
The gnoll is severely wounded.
The wall freezes the gnoll sergeant but does no damage.
The gnoll sergeant hits you from afar with a +0 spear!
The wall freezes the gnoll.
You kill the gnoll!
Sif Muna accepts your kill.
The frozen ramparts melt away.
The gnoll sergeant closely misses you.
Your icy armour will break if you move.
Continue?
Okay, then.
Your icy armour will break if you move.
Continue?
Your icy armour cracks and falls away as you move.
You see here a +0 club.
You have got your breath back.
The gnoll sergeant hits you from afar with a +0 spear.
The gnoll sergeant closely misses you.
The gnoll sergeant hits you with a +0 spear!
You are too injured to fight recklessly!
Casting: Freeze (safe; 3% risk of failure)
Confirm with . or Enter, or press ? or * to list all spells.
You don't have enough magic to cast this spell.
Aiming: Spit Poison (1% risk of failure)
Press: ? - help, Shift-Dir - straight line, f - gnoll sergeant
Aim: a gnoll sergeant, wielding a +0 spear and wearing a +0 ring mail (moderately wounded, 70% to hit)
The splash of poison hits the gnoll sergeant but does no damage.
The gnoll sergeant is poisoned.
The gnoll sergeant is moderately wounded.
The gnoll sergeant hits you with a +0 spear.
* * * LOW HITPOINT WARNING * * *
It was a potion of might.
You feel very mighty all of a sudden. The gnoll sergeant barely misses you.
Your +1 war axe of freezing glows with a cold blue light!
l - a +1 war axe of freezing (weapon)
You slash the gnoll sergeant! You freeze the gnoll sergeant.
The gnoll sergeant is severely wounded.
The gnoll sergeant hits you with a +0 spear!
You die...

# #.#######
#.......#
#.......#
........#
#......###
..........#
##.....)#g#
#.....g#@#
#......#.#
#......#.#
########)#
#.# #.# #.#
#.###########
#...........#


You could see a gnoll sergeant (poisoned).

Vanquished Creatures
  An orc priest (D:4)
  Robin (D:4)
  3 gnolls (D:5)
  2 adders (D:4)
  An ufetubus (D:4)
  5 orcs (D:4)
  5 endoplasms
  3 giant cockroaches
  10 goblins
  7 hobgoblins (D:4)
  3 kobolds
  4 quokkas
  5 ball pythons
  5 bats
  3 rats
58 creatures vanquished.

Notes
Turn   | Place    | Note
-------+----------+-------------------------------------------
     0 | D:1      | Powertoast the Naga Ice Elementalist began the quest for
                  | the Orb.
     0 | D:1      | Reached XP level 1. HP: 15/15 MP: 3/3
   202 | D:1      | Found a faded altar of an unknown god.
   227 | D:1      | Reached XP level 2. HP: 19/24 MP: 5/5
   888 | D:2      | Found a shimmering blue altar of Sif Muna.
   897 | D:2      | Became a worshipper of Sif Muna the Loreminder
   949 | D:2      | Reached skill level 4 in Stealth
   954 | D:2      | You fall into a shaft and drop 2 floors!
  1045 | D:4      | Reached XP level 3. HP: 22/30 MP: 0/6
  1246 | D:4      | Found a glowing golden altar of the Shining One.
  1249 | D:4      | Reached skill level 5 in Stealth
  1258 | D:4      | Reached skill level 1 in Fighting
  1264 | D:4      | Reached XP level 4. HP: 29/39 MP: 2/7
  1531 | D:4      | Reached * piety under Sif Muna
  1560 | D:4      | Noticed Robin
  1573 | D:4      | Killed Robin
  1809 | D:4      | Reached XP level 5. HP: 42/49 MP: 8/8
  1876 | D:4      | Found a shadowy altar of Dithmenos.
  1881 | D:4      | Learned a level 3 spell: Frozen Ramparts
  1885 | D:4      | Learned a level 3 spell: Ozocubu's Armour
  2240 | D:5      | Entered Level 5 of the Dungeon
  2312 | D:5      | Slain by a gnoll sergeant

Illustrated notes

Levels and vault maps discovered:
D:1:      dpeg_arrival_solitude, layout_basic, shapermc_ecumenical_altar_pompeii
D:2:      layout_loops_cross, basic_altar, uniq_crazy_yiuf_cottage
D:4:      layout_loops_ring, grunt_dithmenos_smoke_and_mirrors,
          mainiacjoe_overflow_alcove_1, kennysheep_nondescript, uniq_robin
D:5:      kennysheep_slugbush, layout_basic, mainiacjoe_overflow_chevrons,
          corexii_leaking_fountain

Skill      XL: |  1  2  3  4 |
---------------+-------------+-----
Stealth        | 4 5 |  5.0
Fighting       | 2 3 |  3.4
Dodging        | |  1.5
Spellcasting   | |  2.3
Ice Magic      | |  4.4

Action                   |  1- 3 |  4- 6 || total
-------------------------+-------+-------++-------
Melee: Dagger            |    23 |    23 ||    46
       War axe           |       |     1 ||     1
 Cast: Freeze            |    10 |     7 ||    17
       Ozocubu's Armour  |       |     2 ||     2
       Frozen Ramparts   |       |     2 ||     2
 Abil: Spit Poison       |    37 |    25 ||    62
  Use: Potion            |       |     1 ||     1
 Stab: Sleeping          |     1 |     1 ||     2
Armor: Robe              |     7 |     4 ||    11
Dodge: Dodged            |    16 |    19 ||    35
